 Dungeon Crawl Stone Soup version 0.30-a0-377-g5cb311bc9f (webtiles) character file.

Game seed: 450714792913091281

5088 KennySheep the Thaumaturge (level 10, -1/73 HPs)
             Began as a Djinni Conjurer on Nov 29, 2022.
             Was an Elder of Cheibriados.
             Slain by a centaur warrior (11 damage)
             ... on level 9 of the Dungeon.
             The game lasted 00:20:02 (8355 turns).

KennySheep the Thaumaturge (Djinni Conjurer)        Turns: 8355, Time: 00:20:02

Health: -1/73      AC:  2    Str: 22    XL:     10   Next: 87%
Gold:   552        EV: 13    Int: 34    God:    Cheibriados [****..] SH:  0 Dex: 22

rFire   + + .      SeeInvis .    a - staff of conjuration
rCold   x . .      Faith    +    (no shield)
rNeg    . . .      Spirit   .    o - +0 robe
rPois   ∞          Reflect  .    (no helmet)
rElec   .          Harm     .    (no cloak)
rCorr   .          Rampage  .    (no gloves)
Will    +....                    (boots unavailable)
Stlth   ++........               p - amulet of faith
HPRegen 0.32/turn                k - +6 ring of strength
MPRegen 0.00/turn                (no ring)

@: about to teleport, flying, very slow
A: sickness immunity, fire resistance 2, cold vulnerability 1, float, innate
caster, HP casting, extra vitality 1
a: Renounce Religion, Bend Time, Temporal Distortion, Slouch


You were on level 9 of the Dungeon.
You worshipped Cheibriados.
Cheibriados was greatly pleased with you.
You visited 2 branches of the dungeon, and saw 10 of its levels.

You collected 552 gold pieces.

Inventory:

Missiles
 D - a throwing net
Armour
 o - a +0 robe (worn)
Magical Staves
 a - a staff of conjuration (weapon)
Jewellery
 k - a +6 ring of strength (left hand)
 p - an amulet of faith (around neck)
 q - an amulet of the acrobat
 t - a ring of resist corrosion
 A - a ring of wizardry
Wands
 B - a wand of flame (17)
Scrolls
 b - a scroll of acquirement {unknown}
 d - a scroll of enchant weapon
 e - 3 scrolls of torment
 f - 3 scrolls of amnesia
 j - 2 scrolls of teleportation
 m - 3 scrolls of magic mapping
 n - a scroll of blinking
 u - a scroll of immolation
 y - a scroll of silence {unknown}
Potions
 c - a potion of cancellation {unknown}
 g - 3 potions of mutation
 h - a potion of ambrosia
 l - a potion of attraction
 r - 4 potions of brilliance
 s - a potion of lignification {unknown}
 v - 2 potions of might {unknown}
 w - a potion of invisibility {unknown}
 x - 2 potions of degeneration {unknown}
 z - a potion of flight {unknown}
 C - a potion of haste {unknown}


   Skills:
 + Level 6.4 Fighting
 - Level 2.1 Dodging
 - Level 1.5 Stealth
 * Level 10.0 Spellcasting
 + Level 6.4 Invocations


You had 6 spell levels left.
You knew the following spells:

 Your Spells              Type           Power      Damage    Failure   Level
a - Magic Dart            Conj           100%       1d8       1%          1
b - Searing Ray           Conj           100%       2d8       1%          2
c - Iskenderun's Mystic   Conj/Tloc      91%        2d18      1%          4
d - Fulminant Prism       Conj/Hex       45%        3d21      1%          4
e - Dazzling Flash        Conj/Hex       100%       N/A       1%          3
f - Apportation           Tloc           100%       N/A       1%          1
g - Static Discharge      Conj/Air       100%       2-7/arc   1%          2
h - Ensorcelled Hibernat  Hex/Ice        100%       N/A       1%          2
i - Ice Form              Ice/Tmut       71%        N/A       1%          4
Your spell library was empty.

Dungeon Overview and Level Annotations

Branches:
Dungeon (9/15)             Temple (1/1) D:4            Lair (0/5) D:8
    Orc: D:9-12

Altars:
Ashenzari
Cheibriados
Dithmenos
Elyvilon
Fedhas
Gozag
Hepliaklqana
Makhleb
Nemelex Xobeh
Qazlal
Ru
Trog
Wu Jian
Xom
Yredelemnul
Zin
The Shining One

Shops:
D:7 =*?!

Annotations:
D:4 1 runed translucent door, qeuew's ghost, amateur HOFi


Innate Abilities, Weirdness & Mutations

You are immune to sickness and miasma.
You are immune to poison.
Your flesh is very heat resistant. (rF++)
You are vulnerable to cold. (rC-)
You float through the air rather than walking.
You learn spells naturally, not from books.
Your magical power is your life essence.
You have superior vitality. (+4 MHP)


Message History

You feel a surge of power!
You erupt in a blast of force!
The mystic blast hits the troll!!
You kill the troll!
Cheibriados appreciates the change of pace.
The centaur warrior wields a +0 longbow.
The centaur warrior shoots an arrow.
The arrow hits you!!
Blink to where?
Press: ? - help, Dir - move target
As you read the scroll of blinking, it crumbles to dust.
The centaur warrior unwields a +0 longbow.
The centaur warrior closely misses you. The centaur warrior kicks you.
* * * LOW HITPOINT WARNING * * *
You hit the centaur warrior but do no damage.
The centaur warrior hits you!
* * * LOW HITPOINT WARNING * * *
The centaur warrior barely misses you. The centaur warrior closely misses you.
The centaur warrior kicks you.
* * * LOW HITPOINT WARNING * * *
You feel better. The centaur warrior hits you!
* * * LOW HITPOINT WARNING * * *
The centaur warrior misses you.
You feel better. The centaur warrior hits you!
* * * LOW HITPOINT WARNING * * *
The centaur warrior kicks you but does no damage.
The centaur warrior hits you.
* * * LOW HITPOINT WARNING * * *
The centaur warrior barely misses you.
You feel better. The centaur warrior hits you.
* * * LOW HITPOINT WARNING * * *
The centaur warrior kicks you but does no damage.
As you read the scroll of teleportation, it crumbles to dust.
You feel strangely unstable. The centaur warrior closely misses you.
The centaur warrior kicks you.
* * * LOW HITPOINT WARNING * * *
The centaur warrior hits you.
* * * LOW HITPOINT WARNING * * *
The centaur warrior kicks you.
* * * LOW HITPOINT WARNING * * *
You feel better. The centaur warrior hits you!
You die...

#....###..## #.... ..
#....# #..# #.... #.#
#....###..## ##....
...###..........###.....
#.#.....................
........................
#.#...............(.....
......................))
.#...c@.............)..
.....................).#
#.#...................##
......................#
#.#...................##
................###....#
.......#####....# #.....
....... #....###.....
#............


You could see a centaur warrior.

Vanquished Creatures
  3 trolls
  A hornet (D:7)
  6 yaks (D:8)
  Menkaure (D:5)
  3 water moccasins
  Duvessa (D:7)
  An ice beast (D:7)
  A sky beast (D:5)
  4 wolves (D:8)
  2 ogres
  A black bear (D:5)
  2 kobold brigands (D:9)
  7 bullfrogs
  A necrophage (D:5)
  A scorpion (D:4)
  4 wights (D:8)
  Dowan (D:7)
  3 electric eels (D:8)
  4 howler monkeys
  A crimson imp (D:7)
  An iron imp (D:5)
  6 hounds
  2 gnoll boudas
  2 orc priests (D:5)
  3 jellies
  3 iguanas
  4 orc wizards
  12 adders
  9 gnolls
  A white imp (D:5)
  3 worms
  2 dart slugs
  16 orcs
  7 ball pythons
  10 endoplasms
  5 giant cockroaches
  8 goblins
  4 hobgoblins
  8 jackals
  14 kobolds
  3 quokkas
  4 bats
  6 frilled lizards
  6 rats
187 creatures vanquished.

Vanquished Creatures (others)
  A fulminant prism (D:5)
1 creature vanquished.

Grand Total: 188 creatures vanquished

Notes
Turn   | Place    | Note
-------+----------+-------------------------------------------
     0 | D:1      | KennySheep the Djinni Conjurer began the quest for the Orb.
     0 | D:1      | KennySheep set off with the following spells memorised:
                  | Magic Dart, Searing Ray, Dazzling Flash, Fulminant Prism,
                  | Iskenderun's Mystic Blast.
     0 | D:1      | Reached XP level 1. HP: 15/15 MP: 0/0
   203 | D:1      | Reached XP level 2. HP: 20/21 MP: 0/0
   926 | D:2      | Reached XP level 3. HP: 18/25 MP: 0/0
   926 | D:2      | Learned a level 1 spell: Apportation
  1054 | D:2      | Reached skill level 4 in Spellcasting
  1196 | D:2      | Reached XP level 4. HP: 26/31 MP: 0/0
  1663 | D:3      | Found a glowing golden altar of the Shining One.
  1891 | D:3      | Reached XP level 5. HP: 31/35 MP: 0/0
  1891 | D:3      | Learned a level 2 spell: Static Discharge
  2216 | D:3      | Found a white marble altar of Elyvilon.
  2217 | D:3      | Found an ornate altar of the Wu Jian Council.
  2220 | D:3      | Found an opulent altar of Gozag.
  2220 | D:3      | Found a broken altar of Ashenzari.
  2357 | D:3      | Reached skill level 5 in Spellcasting
  2537 | D:4      | Found a runed translucent door.
  2540 | D:4      | Noticed a bullfrog
  2541 | D:4      | Noticed qeuew's ghost (amateur HOFi)
  2556 | D:4      | Reached XP level 6. HP: 27/40 MP: 0/0
  2557 | D:4      | Found a staircase to the Ecumenical Temple.
  2567 | Temple   | Entered the Ecumenical Temple
  3063 | D:4      | Noticed an ogre
  3073 | D:4      | Killed an ogre
  3074 | D:4      | Reached skill level 6 in Spellcasting
  3074 | D:4      | Reached XP level 7. HP: 34/45 MP: 0/0
  3074 | D:4      | Learned a level 2 spell: Ensorcelled Hibernation
  3172 | D:5      | Entered Level 5 of the Dungeon
  3283 | D:5      | Found a snail-covered altar of Cheibriados.
  3395 | D:5      | Became a worshipper of Cheibriados the Contemplative
  3411 | D:5      | Noticed a water moccasin
  3417 | D:5      | Killed a water moccasin
  3418 | D:5      | Reached skill level 7 in Spellcasting
  3418 | D:5      | Reached XP level 8. HP: 35/51 MP: 0/0
  3419 | D:5      | Reached skill level 1 in Fighting
  3419 | D:5      | Reached skill level 1 in Invocations
  3591 | D:5      | Noticed Menkaure
  3598 | D:5      | Killed Menkaure
  4235 | D:5      | Reached * piety under Cheibriados
  4519 | D:6      | Found a blossoming altar of Fedhas.
  4603 | D:6      | Found a bloodstained altar of Trog.
  5158 | D:6      | Reached XP level 9. HP: 53/60 MP: 0/0
  5158 | D:6      | Learned a level 4 spell: Ice Form
  5173 | D:6      | Identified the +9 whip of Nemelex Xobeh's Esteem {pain,
                  | rPois}
  5626 | D:7      | Noticed Duvessa
  5626 | D:7      | Noticed Dowan
  5626 | D:7      | Found Xudonu's Magic Scroll Shop.
  5629 | D:7      | Killed Dowan
  5633 | D:7      | Killed Duvessa
  5634 | D:7      | Reached skill level 8 in Spellcasting
  5772 | D:7      | Reached ** piety under Cheibriados
  5823 | D:7      | Found a hazy altar of Hepliaklqana.
  5872 | D:7      | Found a burning altar of Makhleb.
  6157 | D:7      | Found Guwk's Distillery.
  6161 | D:7      | Noticed a hornet
  6170 | D:7      | Killed a hornet
  6406 | D:7      | Found Goeror's General Store.
  6424 | D:7      | Found Zoyzolof's Jewellery Shoppe.
  6698 | D:8      | Found a sparkling altar of Nemelex Xobeh.
  6781 | D:8      | Noticed a troll
  6786 | D:8      | Reached skill level 5 in Fighting
  6786 | D:8      | Reached skill level 9 in Spellcasting
  6786 | D:8      | Reached skill level 5 in Invocations
  6786 | D:8      | Reached XP level 10. HP: 30/70 MP: 0/0
  6788 | D:8      | Reached *** piety under Cheibriados
  6986 | D:8      | Found a staircase to the Lair.
  8143 | D:9      | Reached **** piety under Cheibriados
  8332 | D:9      | Noticed a centaur warrior
  8338 | D:9      | Reached skill level 10 in Spellcasting
  8351 | D:9      | HP: 3/73 [centaur warrior (14)]
  8352 | D:9      | HP: 1/73 [centaur warrior (3)]
  8355 | D:9      | Slain by a centaur warrior

Illustrated notes

Levels and vault maps discovered:
D:1:      dpeg_arrival_rhombus, layout_loops_ring, serial_glass,
          glass_columns_a, glass_columns_a,
          wander_ebering_terrifying_dragon_lair
D:2:      layout_loops_ring
D:3:      minmay_chambers_of_threes, layout_loops_cross,
          grunt_temple_overflow_open
D:4:      layout_basic, minmay_temple_entry_water_ring, ebering_ghost_sewer_d,
          hex_large
D:5:      layout_gridville, slow_altar_1, minmay_misc_feat_doors, uniq_menkaure
D:6:      layout_layer_cave, mainiacjoe_overflow_surrounded_room, fedhas_altar_3
D:7:      layout_basic, grunt_temple_overflow_lords_of_destruction,
          mainiacjoe_overflow_small_starburst, serial_shops, shop,
          kennysheep_mini_moat, nicolae_shop_trees, shop, uniq_duvessa
D:8:      layout_basic, nemelex_spade_bored_becter, erik_lair_island
D:9:      layout_big_octagon, kennysheep_little_box, gammafunk_ghost_grave,
          st_stairs_13, dk_noncrumbling_3, uniq_amaemon
Temple:   hellmonk_temple_micro_hex

Skill      XL: |  1  2  3  4  5  6  7  8  9 10 |
---------------+-------------------------------+-----
Spellcasting   | 4 5 6 7 9 10 | 10.0
Fighting       | 3 5 6 |  6.4
Invocations    | 3 5 6 |  6.4
Dodging        | |  2.1
Stealth        | |  1.5

Action                   |  1- 3 |  4- 6 |  7- 9 | 10-12 || total
-------------------------+-------+-------+-------+-------++-------
Melee: Unarmed           |       |     2 |       |       ||     2
       Staff             |       |       |     4 |     3 ||     7
 Cast: Magic Dart        |    50 |   131 |    27 |     4 ||   212
       Searing Ray       |       |     2 |       |       ||     2
       Iskenderun's Myst |       |     1 |    60 |    34 ||    95
       Dazzling Flash    |       |     1 |       |       ||     1
       Fulminant Prism   |       |       |     1 |       ||     1
  Use: Scroll            |       |    10 |     1 |     2 ||    13
       Potion            |       |     2 |       |     6 ||     8
Armor: Robe              |     2 |     6 |     7 |     5 ||    20
Dodge: Dodged            |     3 |    16 |    33 |    32 ||    84

Table legend: (Time is in decaauts)
 A = Elapsed time spent in this place.
 B = Non-inter-level travel time spent in this place.
 C = Inter-level travel time spent in this place.
 D = Time resting spent in this place.
 E = Time spent auto-exploring this place.
 F = Levels seen in this place.
 G = Mean time per level.
                   A        B        C        D        E       F      G
               +--------+--------+--------+--------+--------+-----+--------+
         Total |   9686 |   9307 |    379 |   1278 |   6990 |  10 |  968.6 |
       Dungeon |   9644 |   9265 |    379 |   1278 |   6950 |   9 | 1071.6 |
        Temple |     41 |     41 |      0 |      0 |     40 |   1 |   41.0 |
               +--------+--------+--------+--------+--------+-----+--------+

Top non-repeatable levels by time:
     D:8: 1990 daAuts
     D:6: 1725 daAuts
     D:5: 1322 daAuts
     D:7: 1187 daAuts
     D:3: 893 daAuts
     D:1: 826 daAuts
     D:2: 795 daAuts
     D:4: 615 daAuts
     D:9: 288 daAuts
  Temple: 41 daAuts
